 Dungeon Crawl Stone Soup version 0.29-a0-550-g81e455f4c2 (webtiles) character file.

Game seed: 7958823599829326794

16 nfewl the Sneak (level 2, 0/13 HPs)
             Began as a Spriggan Enchanter on June 5, 2022.
             Slain by Sigmund
             ... wielding a +0 scythe
              (13 damage)
             ... on level 2 of the Dungeon.
             The game lasted 00:01:00 (1107 turns).

nfewl the Sneak (Spriggan Enchanter)                Turns: 1107, Time: 00:01:01

Health: 0/13       AC:  2    Str:  4    XL:     2   Next: 41%
Magic:  7/7        EV: 17    Int: 16    God:
Gold:   12         SH:  0    Dex: 15    Spells: 5/7 levels left

rFire   . . .      SeeInvis +   a - +1 dagger
rCold   . . .      Faith    .   (no shield)
rNeg    . . .      Spirit   .   b - +0 robe
rPois   .          Reflect  .   (helmet restricted)
rElec   .          Harm     .   (no cloak)
rCorr   .          Rampage  .   (gloves unavailable)
Will    .....                   (boots unavailable)
Stlth   +++.......              (no amulet)
HPRegen 0.04/turn               f - ring of wizardry
MPRegen 0.10/turn               (no ring)

@: very quick
A: very small, no large weapons, unfitting armour, see invisible, speed 3
a: no special abilities


You were on level 2 of the Dungeon.
You visited 1 branch of the dungeon, and saw 2 of its levels.

You collected 12 gold pieces.

Inventory:

Hand Weapons
 a - a +1 dagger (weapon)
Armour
 b - a +0 robe (worn)
Jewellery
 f - a ring of wizardry (left hand)
Potions
 c - 2 potions of invisibility
 d - a potion of berserk rage {unknown}
 e - a potion of brilliance {unknown}


   Skills:
 - Level 1.1 Short Blades
 - Level 2.6 Dodging
 - Level 4.4 Stealth
 + Level 3.4 Spellcasting
 + Level 4.1 Hexes


You had 5 spell levels left.
You knew the following spells:

 Your Spells              Type           Power      Damage    Failure   Level
a - Ensorcelled Hibernat  Hex/Ice        18%        N/A       4%          2

Your spell library contained the following spells:

 Spells                   Type           Power      Damage    Failure   Level
 Confusing Touch          Hex            16%        N/A       4%          3
 Tukima's Dance           Hex            16%        N/A       4%          3
 Dazzling Flash           Conj/Hex       18%        N/A       9%          3


Dungeon Overview and Level Annotations

Branches:
Dungeon (2/15)

Altars:

Annotations:
D:2 Sigmund


Innate Abilities, Weirdness & Mutations

You are very small and have problems with some larger weapons.
You are too small for most types of armour.
You have supernaturally acute eyesight. (SInv)
You cover ground extremely quickly. (Speed+++)


Message History

Unknown command.
A bat comes into view.
Found 21 stones.
The helpless bat fails to defend itself.
You impale the bat!!
You kill the bat!
No target in view!
No target in view!
No target in view!
You see here 21 stones.
You see here 16 stones.
You open the door.
There is an open door here.
f - a ring of wizardry
f - a ring of wizardry (left hand) Unknown command.
Unknown command.
You see here a +0 plate armour.
There is an open door here.
There is a faded altar of an unknown god here.
Done exploring.
Done exploring.
Done exploring.
Done exploring.
(D) Dungeon
Where to? (? - help)
There is an open door here.
There is a stone staircase leading down here.
You climb downwards.
There is a stone staircase leading up here.
There are monsters nearby!
Unknown command.
Unknown command.
Found 15 gold pieces.
The helpless Sigmund fails to defend himself.
You puncture Sigmund!
Sigmund is heavily wounded.
Sigmund hits you with a +0 scythe!
Ouch! That really hurt!
You die...

#.$ #.# ##.#
## ... . #
#.# .#
.###.##.##.#
......@....#
.......@<.#
###..####.#
# .# J# .#
.. ##


You could see Sigmund.

Vanquished Creatures
  A dart slug (D:1)
  2 endoplasms (D:1)
  A goblin (D:1)
  A hobgoblin (D:1)
  A kobold (D:1)
  2 ball pythons (D:1)
  3 bats (D:1)
  4 rats (D:1)
15 creatures vanquished.

Notes
Turn   | Place    | Note
-------+----------+-------------------------------------------
     0 | D:1      | nfewl the Spriggan Enchanter began the quest for the Orb.
     0 | D:1      | Reached XP level 1. HP: 9/9 MP: 5/5
   330 | D:1      | Reached XP level 2. HP: 8/13 MP: 7/7
   605 | D:1      | Found a faded altar of an unknown god.
   812 | D:1      | Learned a level 2 spell: Ensorcelled Hibernation
  1105 | D:2      | Noticed Sigmund
  1107 | D:2      | Slain by Sigmund

Illustrated notes

Levels and vault maps discovered:
D:1:      lightli_arrival_boilingwater, layout_loops_ring,
          shapermc_ecumenical_altar_flowoftime
D:2:      layout_loops_ring, serial_aquarium, aquarium_bridge_long_joined
          [aquarium_subvault_bridge, aquarium_subvault_bridge,
          aquarium_subvault_wall, aquarium_subvault_wall,
          aquarium_subvault_bridge, aquarium_subvault_wall],
          aquarium_window_fake, aquarium_window_2, aquarium_window_2,
          aquarium_window_2, aquarium_view_2e, aquarium_view_2a, basic_altar,
          uniq_sigmund

Skill      XL: |  1 |
---------------+----+-----
Spellcasting   | 3 |  3.4
Hexes          | 4 |  4.1
Short Blades   | |  1.1
Dodging        | |  2.6
Stealth        | |  4.4

Action                   || total
-------------------------++-------
Melee: Dagger            ||    36
  Use: Scroll            ||     3
 Stab: Sleeping          ||     5
Armor: Robe              ||     1
Dodge: Dodged            ||    22

Table legend: (Time is in decaauts)
 A = Elapsed time spent in this place.
 B = Non-inter-level travel time spent in this place.
 C = Inter-level travel time spent in this place.
 D = Time resting spent in this place.
 E = Time spent auto-exploring this place.
 F = Levels seen in this place.
 G = Mean time per level.
                   A        B        C        D        E       F      G
               +--------+--------+--------+--------+--------+-----+--------+
         Total |    813 |    792 |     21 |      0 |    704 |   2 |  406.5 |
       Dungeon |    813 |    792 |     21 |      0 |    704 |   2 |  406.5 |
               +--------+--------+--------+--------+--------+-----+--------+

Top non-repeatable levels by time:
     D:1: 811 daAuts
     D:2: 1 daAuts
